 Dungeon Crawl Stone Soup version 0.28-a0-265-g048bc9fd10 (webtiles) character file.

Game seed: 16579518386530052215

818 rabbitsville the Reanimator (level 7, 0/46 HPs)
             Began as a Demonspawn Necromancer on Aug 25, 2021.
             Was a Believer of Dithmenos.
             Killed by divine providence
             ... invoked by an orc priest
              (14 damage)
             ... on level 5 of the Dungeon on Aug 27, 2021.
             The game lasted 00:33:35 (6109 turns).

rabbitsville the Reanimator (DsNe)                  Turns: 6109, Time: 00:33:38

Health: 0/46       AC:  2    Str:  9    XL:     7   Next: 62%
Magic:  18/22      EV: 12    Int: 17    God:    Dithmenos [**....]
Gold:   151        SH:  0    Dex: 14    Spells: 10/14 levels left

rFire   . . .      SeeInvis .   k - +4 hand axe (vamp)
rCold   . . .      Faith    .   (no shield)
rNeg    . . .      Spirit   .   a - +0 robe
rPois   .          Reflect  .   (helmet restricted)
rElec   .          Harm     .   (no cloak)
rCorr   .          Rampage  .   (no gloves)
Will    .....                   (no boots)
Stlth   ++........              (no amulet)
HPRegen 0.15/turn               i - ring of wizardry
MPRegen 0.18/turn               h - ring of magical power

@: wreathed by umbra
A: antennae 1, demonic guardian 2
a: Renounce Religion, Shadow Step


You were on level 5 of the Dungeon.
You worshipped Dithmenos.
Dithmenos was pleased with you.
You visited 1 branch of the dungeon, and saw 5 of its levels.

You collected 151 gold pieces.

Inventory:

Hand Weapons
 d - a +2 morningstar of flaming
 k - a +4 vampiric hand axe (weapon)
Missiles
 b - 39 poisoned darts
Armour
 a - a +0 robe (worn)
Magical Staves
 u - a staff of fire
Jewellery
 e - a ring of ice
 f - a ring of poison resistance
 h - a ring of magical power (right hand)
 i - a ring of wizardry (left hand)
Wands
 q - a wand of flame (23)
 v - a wand of iceblast (10)
Scrolls
 j - a scroll of magic mapping
 l - a scroll of enchant weapon {unknown}
 m - 2 scrolls of teleportation {unknown}
 n - 2 scrolls of amnesia {unknown}
 p - a scroll of fog {unknown}
 r - a scroll of blinking
 s - 2 scrolls of identify {unknown}
 t - a scroll of summoning {unknown}
Potions
 c - a potion of heal wounds
 g - a potion of degeneration
 o - a potion of resistance {unknown}
 w - a potion of cancellation {unknown}


   Skills:
 - Level 0.9 Axes
 - Level 1.7 Dodging
 - Level 1.7 Stealth
 + Level 4.4 Spellcasting
 * Level 8.2 Necromancy
 + Level 4.2 Invocations


You had 10 spell levels left.
You knew the following spells:

 Your Spells              Type           Power      Damage    Failure   Level
a - Pain                  Necr           100%       1d9       1%          1
b - Vampiric Draining     Necr           15%        2d8       1%          3

Your spell library contained the following spells:

 Spells                   Type           Power      Damage    Failure   Level
 Animate Skeleton         Necr           62%        N/A       1%          1
 Animate Dead             Necr           15%        N/A       1%          4
 Agony                    Necr           31%        N/A       6%          5
 Gell's Gravitas          Tloc           1%         N/A       17%         3
 Lesser Beckoning         Tloc           1%         N/A       17%         3
 Teleport Other           Tloc           3%         N/A       17%         3
 Tukima's Dance           Hex            3%         N/A       17%         3
 Passage of Golubria      Tloc           N/A        N/A       50%         4
 Yara's Violent Unravell  Hex/Tmut       1%         3d3       82%         5


Dungeon Overview and Level Annotations

Branches:
Dungeon (5/15)
 Temple: D:4-7

Altars:
Dithmenos
Uskayaw

Shops:
D:3 :

Annotations:
D:4 Menkaure


Innate Abilities, Weirdness & Mutations

You have a pair of small antennae on your head.
A demonic guardian rushes to your aid.


Message History

The steam dragon writhes in agony.
Casting: Pain (safe; 1% risk of failure)
Confirm with . or Enter, or press ? or * to list all spells.
Aiming: Pain (safe; 1% risk of failure)
Press: ? - help, Shift-Dir - straight line, f/p - steam dragon
Aim: a steam dragon (lightly wounded, umbra, chance to affect: 84%)
The steam dragon writhes in agony.
Casting: Pain (safe; 1% risk of failure)
Confirm with . or Enter, or press ? or * to list all spells.
Aiming: Vampiric Draining (safe; 1% risk of failure)
Press: ? - help, Shift-Dir - straight line, f/p - steam dragon
Aim: a steam dragon (moderately wounded, umbra)
You draw life force from the steam dragon!
You feel life coursing into your body. The steam dragon closely misses you.
The steam dragon claws you.
You hit the steam dragon.
The steam dragon is heavily wounded.
The steam dragon bites you!
A demonic guardian appears!
The steam dragon misses you.
The steam dragon bites you but does no damage.
The steam dragon claws you.
Your ice devil closely misses the steam dragon.
The orc priest calls down the wrath of Beogh upon you.
Pain shoots through your body!
* * * LOW HITPOINT WARNING * * *
The steam dragon breathes steam at you. The ball of steam misses you.
It was a potion of heal wounds.
You feel much better.
You are engulfed in a cloud of scalding steam.
Your ice devil hits the steam dragon but does no damage.
The black bear is engulfed in a cloud of scalding steam.
The black bear barely misses you. x2; The black bear claws you.
You hit the black bear.
The black bear is moderately wounded.
You hit the orc priest but do no damage.
You are engulfed in a cloud of scalding steam.
The orc priest is engulfed in a cloud of scalding steam.
The orc priest invokes the aid of Beogh against you.
Beogh smites you!
You die...

#........# #........#
#########........#####
.......##............#
######.#####.........#
#.#####.........#
#.#.............#
#.#.........#####
####.#....†..§@#
###....#.......oh#
#..............4D#
#.###.###........#
#.#.....#.##'######
#.#.⌠.⌠.#....§....#
#....⌠........§.>.#
#.#.⌠.⌠.#...h.....#
..#.....#.......###


You could see a steam dragon (catching breath), a black bear (ally target), an
orc priest and a friendly ice devil (summoned).

Vanquished Creatures
  A water moccasin (D:5)
  2 ogres
  A bullfrog zombie (D:5)
  A hound (D:2)
  An iguana (D:5)
  Robin (D:3)
  4 adders
  2 worms
  2 dart slugs
  10 ball pythons
  5 endoplasms
  2 giant cockroaches (D:2)
  13 goblins
  7 hobgoblins
  5 jackals (D:2)
  2 quokkas
  4 bats
  8 frilled lizards
  5 kobolds
  6 rats
82 creatures vanquished.

Vanquished Creatures (collateral kills)
  Pikel (D:4)
  An orc (D:3)
  A ball python (D:1)
  A goblin (D:3)
  2 hobgoblins (D:3)
  A kobold (D:1)
7 creatures vanquished.

Grand Total: 89 creatures vanquished

Notes
Turn   | Place    | Note
-------+----------+-------------------------------------------
     0 | D:1      | rabbitsville the Demonspawn Necromancer began the quest for
                  | the Orb.
     0 | D:1      | Reached XP level 1. HP: 13/13 MP: 3/3
   463 | D:1      | Gained mutation: A weak demonic guardian rushes to your
                  | aid. [demonic ancestry]
   463 | D:1      | Reached XP level 2. HP: 16/19 MP: 1/5
  1051 | D:1      | Reached skill level 5 in Necromancy
  1589 | D:3      | Reached XP level 3. HP: 14/24 MP: 6/6
  1881 | D:2      | Reached XP level 4. HP: 6/30 MP: 8/8
  2323 | D:2      | Found a faded altar of an unknown god.
  2327 | D:2      | Became a worshipper of Dithmenos the Shadowed
  2327 | D:2      | Reached * piety under Dithmenos
  3066 | D:3      | Noticed Robin
  3092 | D:3      | HP: 1/30 [goblin[Robin] (6)]
  3433 | D:3      | Found Beecheynt's Book Emporium.
  3441 | D:3      | Upgraded the game from 0.28-a0-247-gb8bfbab023 to
                  | 0.28-a0-265-g048bc9fd10
  3462 | D:3      | Killed Robin
  3463 | D:3      | Reached skill level 6 in Necromancy
  3629 | D:3      | Learned a level 3 spell: Vampiric Draining
  3665 | D:3      | Reached ** piety under Dithmenos
  3753 | D:3      | Gained mutation: A demonic guardian rushes to your aid.
                  | [demonic ancestry]
  3753 | D:3      | Reached XP level 5. HP: 34/35 MP: 9/9
  4456 | D:4      | Found a hide-covered altar of Uskayaw.
  4510 | D:4      | Noticed Pikel
  4510 | D:4      | Noticed a lemure
  4511 | D:4      | Noticed a lemure
  4511 | D:4      | Noticed a lemure
  4518 | D:4      | Killed Pikel
  4519 | D:4      | Reached skill level 7 in Necromancy
  4519 | D:4      | Gained mutation: You have a pair of small antennae on your
                  | head. [demonic ancestry]
  4519 | D:4      | Reached XP level 6. HP: 8/41 MP: 11/11
  4915 | D:4      | Reached XP level 7. HP: 40/46 MP: 13/13
  5052 | D:4      | Noticed Menkaure
  5487 | D:5      | Entered Level 5 of the Dungeon
  5724 | D:5      | Reached skill level 8 in Necromancy
  6077 | D:5      | Noticed a steam dragon
  6107 | D:5      | HP: 1/46 [orc priest/nerve-wracking pain (14)]
  6109 | D:5      | Killed from afar by an orc priest

Illustrated notes

Levels and vault maps discovered:
D:1:      grunt_arrival_lava_bath, layout_basic,
          hangedman_abyss_or_decor_lesser_grid
D:2:      layout_loops_cross, shapermc_ecumenical_altar_mp_vishouse
D:3:      layout_rooms, serial_shops, shop, minmay_between, uniq_robin
D:4:      layout_loops_corners, mainiacjoe_overflow_24_doors,
          kennysheep_generic_room_2, uniq_menkaure, uniq_pikel
D:5:      layout_basic, mainiacjoe_overflow_small_starburst,
          minmay_temple_entry_junction, minmay_chambers_of_fives

Skill      XL: |  1  2  3  4  5  6  7 |
---------------+----------------------+-----
Necromancy     | 5 6 7 8 |  8.2
Spellcasting   | 3 4 |  4.4
Invocations    | 3 4 |  4.2
Axes           | |  0.9
Dodging        | |  1.7
Stealth        | |  1.7

Action                   |  1- 3 |  4- 6 |  7- 9 || total
-------------------------+-------+-------+-------++-------
Melee: Unarmed           |     5 |       |       ||     5
       Morningstar       |     9 |       |       ||     9
       Hand axe          |    30 |   105 |    29 ||   164
Throw: Dart              |     3 |       |       ||     3
 Cast: Pain              |    27 |    34 |    11 ||    72
       Vampiric Draining |       |     7 |     5 ||    12
  Use: Scroll            |     1 |     2 |       ||     3
       Potion            |     1 |     2 |     1 ||     4
 Stab: Sleeping          |       |     1 |       ||     1
Armor: Robe              |     9 |    22 |     5 ||    36
Dodge: Dodged            |    22 |   117 |    29 ||   168

Table legend: (Time is in decaauts)
 A = Elapsed time spent in this place.
 B = Non-inter-level travel time spent in this place.
 C = Inter-level travel time spent in this place.
 D = Time resting spent in this place.
 E = Time spent auto-exploring this place.
 F = Levels seen in this place.
 G = Mean time per level.
                   A        B        C        D        E       F      G
               +--------+--------+--------+--------+--------+-----+--------+
         Total |   6145 |   5982 |    163 |   2117 |   1933 |   5 | 1229.0 |
       Dungeon |   6145 |   5982 |    163 |   2117 |   1933 |   5 | 1229.0 |
               +--------+--------+--------+--------+--------+-----+--------+

Top non-repeatable levels by time:
     D:3: 1484 daAuts
     D:2: 1392 daAuts
     D:1: 1363 daAuts
     D:4: 1276 daAuts
     D:5: 627 daAuts
